 Dungeon Crawl Stone Soup version 0.27-a0-920-gb2bd10914a (webtiles) character file.

Game seed: 1172631767157614636

677 siradein the Grappler (level 7, -1/66 HPs)
             Began as a Troll Fighter on Apr 9, 2021.
             Slain by Pikel
             ... wielding a +2 whip of freezing
              (7 damage)
             ... on level 4 of the Dungeon.
             The game lasted 00:03:18 (2659 turns).

siradein the Grappler (Troll Fighter)               Turns: 2659, Time: 00:03:18

Health: -1/66      AC:  4    Str: 27    XL:     7   Next: 33%
Magic:  0/6        EV: 10    Int:  4    God:
Gold:   153        SH:  0    Dex:  9    Spells: 6/6 levels left

rFire    . . .     SeeInvis .     - Unarmed
rCold    . . .     Faith    .   (no shield)
rNeg     . . .     Spirit   +   a - +0 robe
rPois    +         Reflect  .   (helmet restricted)
rElec    .         Harm     .   (no cloak)
rCorr    .         Rampage  .   (gloves unavailable)
Will     .....                  (boots unavailable)
Stlth    +.........             m - amulet of guardian spirit
HPRegen  1.21/turn              h - ring of poison resistance
MPRegen  0.10/turn              (no ring)

@: no status effects
A: large, unfitting armour, claws 3, regeneration 1, shaggy fur 1, tough skin 1
a: no special abilities


You were on level 4 of the Dungeon.
You visited 1 branch of the dungeon, and saw 4 of its levels.

You collected 153 gold pieces.

Inventory:

Missiles
 k - 4 silver javelins (quivered)
 l - a throwing net
Armour
 a - a +0 robe (worn)
 b - a +0 kite shield
Jewellery
 h - a ring of poison resistance (left claw)
 m - an amulet of guardian spirit (around neck)
 u - a ring of wizardry
Scrolls
 d - a scroll of summoning {unknown}
 f - a scroll of blinking {unknown}
 g - 4 scrolls of identify {unknown}
 i - a scroll of amnesia {unknown}
 j - a scroll of teleportation {unknown}
 p - 2 scrolls of enchant weapon {unknown}
 q - a scroll of enchant armour {unknown}
 s - a scroll of torment {unknown}
 t - a scroll of magic mapping {unknown}
 w - a scroll of fear {unknown}
Potions
 c - a potion of might
 e - a potion of ambrosia {unknown}
 n - 2 potions of curing {unknown}
 o - a potion of flight {unknown}
 r - a potion of mutation {unknown}
 v - a potion of brilliance {unknown}


   Skills:
 - Level 2.4 Fighting
 - Level 2.4 Dodging
 - Level 2.4 Shields
 + Level 8.3 Unarmed Combat


You had 6 spell levels left.
You didn't know any spells.
Your spell library was empty.

Dungeon Overview and Level Annotations

Branches:
Dungeon (4/15)
 Temple: D:4-7

Altars:
Ashenzari
Makhleb
Ru
Vehumet
The Shining One

Shops:
D:2 (

Annotations:
D:4 Pikel


Innate Abilities, Weirdness & Mutations

You are too large for most types of armour.
You have claws for hands.
Your natural rate of healing is unusually fast.
You are covered in fur. (AC +1)
You have tough skin. (AC +1)


Message History

Pikel hits you with a +2 whip of freezing.
Pikel freezes you.
You closely miss Pikel. The lemure hits you.
You scratch Pikel but do no damage.
Pikel says, "Hell isn't that bad."
Pikel hits you with a +2 whip of freezing!
Pikel freezes you.
You barely miss Pikel.
Pikel hits you with a +2 whip of freezing!
Pikel freezes you. The lemure hits you.
You barely miss Pikel. Pikel barely misses you.
The lemure hits you but does no damage.
You closely miss Pikel. The lemure barely misses you.
Pikel hits you with a +2 whip of freezing!
Pikel freezes you. The lemure hits you but does no damage.
You barely miss Pikel. Your claw misses Pikel. The lemure hits you.
Pikel hits you with a +2 whip of freezing!
Pikel freezes you.
You closely miss Pikel. The lemure hits you!
* * * LOW HITPOINT WARNING * * *
The lemure closely misses you.
You mangle Pikel!!
Pikel is heavily wounded.
Pikel hits you with a +2 whip of freezing!
* * * LOW HITPOINT WARNING * * *
Pikel freezes you.
* * * LOW HITPOINT WARNING * * *
The lemure completely misses you. The lemure hits you but does no damage.
You mangle the lemure!!
The lemure is severely wounded.
Pikel hits you with a +2 whip of freezing.
* * * LOW HITPOINT WARNING * * *
Pikel freezes you.
* * * LOW HITPOINT WARNING * * *
The lemure hits you but does no damage.
You mangle the lemure!!
You kill the lemure!
That felt strangely unrewarding.
Pikel hits you with a +2 whip of freezing!
You die...

#..##.########## #..##.# #.
#..##.# #. #..##.# #. #..##.#
#.#### ###..##.######## #.##
#.#.. ....##.##.....###
.....#$#.# ###.###.##........ .
K..5...#.#####@......÷....♣♣♣..
#......K55.....#...♣# #♣.
#..#####.#...###.#.♣ ♣.
#......#5#.........♣# #♣.
#.###.##.#.#.###.#..♣♣♣.. #.#
#.##.#[#.###.#....... #.#
#(##.#.#.....######## #.#
#.##.#...>.### #.# #.##.#####.#


You could see Pikel and 3 lemures.

Vanquished Creatures
  Menkaure (D:4)
  Duvessa (D:4)
  A lemure (D:4)
  3 scorpions (D:4)
  Dowan (D:4)
  A jelly (D:4)
  A crimson imp (D:3)
  A hound (D:4)
  2 iguanas (D:4)
  2 adders
  2 worms (D:2)
  2 dart slugs (D:4)
  6 orcs
  2 ball pythons (D:2)
  2 endoplasms (D:4)
  A giant cockroach (D:4)
  3 goblins
  2 hobgoblins (D:3)
  7 jackals
  7 kobolds
  5 quokkas
  3 bats (D:1)
  3 frilled lizards
  5 rats
64 creatures vanquished.

Vanquished Creatures (others)
  4 toadstools (D:1)
4 creatures vanquished.

Grand Total: 68 creatures vanquished

Notes
Turn   | Place    | Note
-------+----------+-------------------------------------------
     0 | D:1      | siradein the Troll Fighter began the quest for the Orb.
     0 | D:1      | Reached XP level 1. HP: 22/22 MP: 0/0
    80 | D:1      | Found a faded altar of an unknown god.
   106 | D:1      | Reached XP level 2. HP: 29/29 MP: 1/1
   144 | D:1      | Reached skill level 3 in Unarmed Combat
   888 | D:2      | Found Fikk's Antique Weapon Shoppe.
   946 | D:2      | Reached XP level 3. HP: 16/36 MP: 2/2
  1569 | D:3      | Found a radiant altar of Vehumet.
  1570 | D:3      | Found a burning altar of Makhleb.
  1581 | D:3      | Reached skill level 4 in Unarmed Combat
  1581 | D:3      | Reached XP level 4. HP: 43/44 MP: 3/3
  1694 | D:3      | Found a sacrificial altar of Ru.
  1702 | D:3      | Found a glowing golden altar of the Shining One.
  1703 | D:3      | Found a broken altar of Ashenzari.
  2084 | D:4      | Noticed a scorpion
  2093 | D:4      | Killed a scorpion
  2094 | D:4      | Reached skill level 5 in Unarmed Combat
  2094 | D:4      | Reached XP level 5. HP: 46/50 MP: 4/4
  2208 | D:4      | Noticed Dowan
  2208 | D:4      | Noticed Duvessa
  2218 | D:4      | Killed Duvessa
  2219 | D:4      | Reached skill level 6 in Unarmed Combat
  2219 | D:4      | Reached XP level 6. HP: 57/59 MP: 5/5
  2222 | D:4      | Killed Dowan
  2352 | D:4      | Reached skill level 7 in Unarmed Combat
  2433 | D:4      | Noticed Menkaure
  2439 | D:4      | Killed Menkaure
  2440 | D:4      | Reached skill level 8 in Unarmed Combat
  2440 | D:4      | Reached XP level 7. HP: 62/66 MP: 3/6
  2613 | D:4      | Noticed Pikel
  2659 | D:4      | Slain by Pikel

Illustrated notes

Levels and vault maps discovered:
D:1:      ldierk_water_garden, layout_basic,
          ebering_ecumenical_altar_sacrificial
D:2:      layout_basic, serial_shops, shop
D:3:      layout_loops_cross, grunt_temple_overflow_lords_of_destruction,
          gammafunk_temple_overflow_forgotten
D:4:      layout_basic, lemuel_temple_firewalk_b, minmay_shop_mass, minivault_4,
          minmay_stone_trees_small, grunt_ministairs_7, uniq_menkaure,
          uniq_duvessa, uniq_pikel

Skill      XL: |  1  2  3  4  5  6 |
---------------+-------------------+-----
Unarmed Combat | 3 4 5 6 8 |  8.3
Fighting       | |  2.4
Dodging        | |  2.4
Shields        | |  2.4

Action                   |  1- 3 |  4- 6 |  7- 9 || total
-------------------------+-------+-------+-------++-------
Melee: Unarmed           |    84 |    93 |    40 ||   217
       Punch             |       |       |     1 ||     1
Armor: Robe              |    23 |    20 |     9 ||    52
Dodge: Dodged            |    47 |    35 |    15 ||    97

Table legend: (Time is in decaauts)
 A = Elapsed time spent in this place.
 B = Non-inter-level travel time spent in this place.
 C = Inter-level travel time spent in this place.
 D = Time resting spent in this place.
 E = Time spent auto-exploring this place.
 F = Levels seen in this place.
 G = Mean time per level.
                   A        B        C        D        E       F      G
               +--------+--------+--------+--------+--------+-----+--------+
         Total |   2641 |   2591 |     50 |      0 |   2163 |   4 |  660.2 |
       Dungeon |   2641 |   2591 |     50 |      0 |   2163 |   4 |  660.2 |
               +--------+--------+--------+--------+--------+-----+--------+

Top non-repeatable levels by time:
     D:2: 777 daAuts
     D:1: 656 daAuts
     D:3: 646 daAuts
     D:4: 560 daAuts
